 Dungeon Crawl Stone Soup version 0.24-a0-415-g6d73c25c48 (webtiles) character file.

Game seed: 7897855397210672434

299 Gynju the Poker (level 6, -19/56 HPs)
             Began as a Minotaur Fighter on June 7, 2019.
             Was a Follower of Okawaru.
             Demolished by an ogre
             ... wielding a +0 giant spiked club
              (26 damage)
             ... on level 4 of the Dungeon.
             The game lasted 00:06:17 (2511 turns).

Gynju the Poker (Minotaur Fighter)                  Turns: 2511, Time: 00:06:17

Health: -19/56     AC:  6    Str: 20    XL:     6   Next: 13%
Magic:  5/5        EV:  7    Int:  5    God:    Okawaru [*.....]
Gold:   118        SH:  9    Dex: 12    Spells: 5/5 levels left

rFire    . . .     SeeInvis .   a - +0 trident
rCold    . . .     Gourm    .   c - +0 shield
rNeg     . . .     Faith    .   b - +0 scale mail
rPois    .         Spirit   .   (helmet restricted)
rElec    .         Reflect  .   (no cloak)
rCorr    .         Harm     .   (no gloves)
MR       .....                  (no boots)
Stlth    ..........             (no amulet)
HPRegen  0.18/turn              (no ring)
MPRegen  0.09/turn              (no ring)

@: no status effects
A: retaliatory headbutt, horns 2
a: Heroism, Renounce Religion


You were on level 4 of the Dungeon.
You worshipped Okawaru.
Okawaru was aware of your devotion.
You were very hungry.

You visited 1 branch of the dungeon, and saw 4 of its levels.

You collected 118 gold pieces.

Inventory:

Hand Weapons
 a - a +0 trident (weapon)
Armour
 b - a +0 scale mail (worn)
 c - a +0 shield (worn)
Jewellery
 e - an uncursed ring of wizardry {unknown}
 n - an uncursed amulet of guardian spirit {unknown}
Scrolls
 h - 3 scrolls of identify {unknown}
 i - 3 scrolls of remove curse {unknown}
 l - a scroll of fear {unknown}
 o - 2 scrolls of teleportation {unknown}
Potions
 d - 2 potions of might
 g - 2 potions of agility {unknown}
 j - a potion of haste {unknown}
 k - a potion of lignification {unknown}
 m - a potion of heal wounds {unknown}
 p - a potion of curing {unknown}
 q - a potion of mutation {unknown}
Comestibles
 f - 6 rations


   Skills:
 + Level 5.3 Fighting
 * Level 6.8 Polearms
 - Level 3.6 Armour
 - Level 3.6 Shields


You had 5 spell levels left.
You didn't know any spells.
Your spell library was empty.

Dungeon Overview and Level Annotations

Branches:
Dungeon (4/15)
 Temple: D:4-7

Altars:
Dithmenos
Okawaru
Qazlal
Sif Muna

Shops:
D:4 =


Innate Abilities, Weirdness & Mutations

You reflexively headbutt those who attack you in melee.
You have a pair of horns on your head.


Message History

You start resting.
You are feeling very hungry.
You start resting.
HP restored.
You climb downwards.
The ogre hits you with a +0 giant spiked club!!
There is a stone staircase leading up, spattered with blood here.
You hit the ogre. Your headbutt misses the ogre.
The ogre is lightly wounded.
The ogre hits you with a +0 giant spiked club!!
* * * LOW HITPOINT WARNING * * *
You hit the ogre.
You headbutt the ogre, but do no damage.
The ogre is lightly wounded.
The ogre completely misses you.
You puncture the ogre!
You headbutt the ogre, but do no damage.
The ogre is moderately wounded.
The ogre hits you with a +0 giant spiked club!!
You die...

#######################
#..............#.......
#..............#.......
#..<....#####+###......
#.......##.....##......
#........'......+......
#........#.....##..##..
#.....@..#.....##..##..
#......O.#.....⌠.⌠.#...
#.......##......∩..#...
#.......##+####⌠.⌠###..
#.......#..............####
#..
#.......#..............#
#..
#.......#.w............#
#<.
#.......#.##############
### #.......#.#


You could see an ogre and a worm.

Vanquished Creatures
  An ogre (D:4)
  An orc priest (D:3)
  2 orc wizards
  A bullfrog skeleton (D:4)
  A worker ant (D:4)
  An adder (D:3)
  4 dart slugs
  3 leopard geckos
  3 orcs (D:3)
  A giant cockroach (D:1)
  8 goblins
  4 hobgoblins
  6 jackals
  6 kobolds
  A ball python (D:1)
  3 bats (D:1)
  3 frilled lizards
  A leopard gecko skeleton (D:4)
  11 rats
61 creatures vanquished.

Notes
Turn   | Place    | Note
-------+----------+-------------------------------------------
     0 | D:1      | Gynju the Minotaur Fighter began the quest for the Orb.
     0 | D:1      | Reached XP level 1. HP: 19/19 MP: 0/0
   162 | D:1      | Reached skill level 3 in Polearms
   220 | D:1      | Reached XP level 2. HP: 25/26 MP: 1/1
   604 | D:1      | Reached skill level 4 in Polearms
   919 | D:2      | Reached XP level 3. HP: 33/33 MP: 2/2
   981 | D:2      | Found a deep blue altar of Sif Muna.
  1058 | D:2      | Found a shadowy altar of Dithmenos.
  1390 | D:2      | Found an iron altar of Okawaru.
  1396 | D:2      | Became a worshipper of Warmaster Okawaru
  1567 | D:3      | Reached XP level 4. HP: 39/40 MP: 3/3
  1571 | D:3      | Reached skill level 5 in Polearms
  2220 | D:4      | Found Qysyu's Jewellery Shoppe.
  2245 | D:4      | Reached XP level 5. HP: 47/47 MP: 4/4
  2275 | D:4      | Reached skill level 6 in Polearms
  2279 | D:4      | Found a stormy altar of Qazlal.
  2308 | D:4      | Noticed an ogre
  2314 | D:4      | Reached skill level 5 in Fighting
  2316 | D:4      | Noticed an ogre
  2319 | D:4      | Killed an ogre
  2319 | D:4      | Reached * piety under Okawaru
  2319 | D:4      | Reached XP level 6. HP: 22/56 MP: 5/5
  2511 | D:4      | Demolished by an ogre

Levels and vault maps discovered:
D:1:      co_arrival_random_square_maze, layout_basic, minmay_pentomino_q4
D:2:      layout_loops_cross, lemuel_doored_altar, lemuel_crystal_altar,
          old_standard_altar, first_ration
D:3:      layout_loops_ring
D:4:      minmay_recursive_quarters, layout_gridville, kennysheep_slug_shrine,
          lemuel_crystal_altar, serial_shops, shop_fountains, uniq_grinder

Skill      XL: |  1  2  3  4  5 |
---------------+----------------+-----
Polearms       | 3 4 5 6 |  6.8
Fighting       | 4 5 |  5.3
Armour         | |  3.6
Shields        | |  3.6

Action                   |  1- 3 |  4- 6 || total
-------------------------+-------+-------++-------
Melee: Trident           |    78 |    63 ||   141
       Headbutt          |     5 |    11 ||    16
  Eat: Chunk             |     2 |     2 ||     4
Armor: Scale mail        |    17 |     8 ||    25
Dodge: Dodged            |    13 |    14 ||    27
Block: Shield            |    20 |    19 ||    39

Table legend:
 A = Non-vault XP
 B = Vault XP
 C = Vault XP percentage of total XP
 D = Non-vault monster count
 E = Vault monster count
 F = Vault count percentage of total count
                 A         B        C        D         E       F
            +---------+---------+-------+---------+---------+-------
      Total |     260 |     168 |  39.3 |      55 |       6 |   9.8
            +---------+---------+-------+---------+---------+-------
        D:1 |      32 |       6 |  15.8 |      19 |       3 |  13.6
        D:2 |      29 |       0 |   0.0 |      15 |       0 |   0.0
        D:3 |     122 |       0 |   0.0 |      17 |       0 |   0.0
        D:4 |      77 |     162 |  67.8 |       4 |       3 |  42.9
            +---------+---------+-------+---------+---------+-------
